 Dungeon Crawl Stone Soup version 0.32-a0-999-gfa1cc04b1d (webtiles) character file.

Game seed: 3661635280983196951

70 Bapho the Chopper (level 4, -1/33 HPs)
             Began as a Demonspawn Gladiator on Apr 25, 2024.
             Slain by a gnoll
             ... wielding a +0 halberd
              (9 damage)
             ... on level 2 of the Dungeon.
             The game lasted 00:03:06 (1229 turns).

Bapho the Chopper (Demonspawn Gladiator)            Turns: 1229, Time: 00:03:07

Health: -1/33      AC: 13    Str: 17    XL:     4   Next: 4%
Magic:  4/4        EV:  7    Int:  8    God:
Gold:   65         SH:  4    Dex: 14    Spells: 3/3 levels left

rFire   . . .        a - +0 war axe
rCold   + . .        (no shield)
rNeg    . . .        f - +0 chain mail
rPois   .            (helmet restricted)
rElec   .            (no cloak)
rCorr   .            (no gloves)
SInv    .            (no boots)
Will    .....        (no amulet) Stlth
                     j - ring of protection from cold
HPRegen 0.25/turn    m - +4 ring of protection
MPRegen 0.09/turn

%: no passive effects
@: no status effects
A: antennae 1, rugged brown scales 1, condensation shield
a: no special abilities


You were on level 2 of the Dungeon.
You visited 1 branch of the dungeon, and saw 2 of its levels.

You collected 65 gold pieces.

Inventory:

Hand Weapons
 a - a +0 war axe (weapon)
Missiles
 d - 3 throwing nets
 e - 4 javelins
Armour
 b - a +0 leather armour
 c - a +0 helmet
 f - a +0 chain mail (worn)
Jewellery
 j - a ring of protection from cold (left hand)
 m - a +4 ring of protection (right hand)
Scrolls
 h - a scroll of vulnerability
 i - a scroll of identify
Potions
 g - 2 potions of enlightenment
 o - a potion of mutation {unknown}
 p - a potion of curing {unknown}


   Skills:
 - Level 2.0 Fighting
 + Level 4.5 Axes
 - Level 1.7 Throwing
 - Level 2.6 Dodging


You had 3 spell levels left.
You didn't know any spells.
Your spell library was empty.

Dungeon Overview and Level Annotations

Branches:
Dungeon (2/15)

Altars:


Innate Abilities, Weirdness & Mutations

You have a pair of small antennae on your head.
You are partially covered in rugged brown scales. (AC +1, +3% HP)
A meltable shield of frost defends you. (SH +4)


Message History

Rugged brown scales grow over part of your body.
A gnoll comes into view. It is wielding a +0 flail.
The gnoll shouts!
You hear a shout!
A gnoll comes into view. It is wielding a +0 halberd.
The gnoll shouts!
You hear a shout! x2
You closely miss the gnoll. The gnoll hits you but does no damage.
You closely miss the gnoll.
A hobgoblin comes into view.
The gnoll hits you with a +0 flail. The gnoll hits you but does no damage.
You closely miss the gnoll. The gnoll hits you but does no damage.
A gnoll comes into view. It is wielding a +0 halberd.
The gnoll hits you but does no damage. The gnoll hits you with a +0 flail.
The gnoll attacks as it pursues you! The gnoll hits you but does no damage.
The gnoll attacks as it pursues you! The gnoll barely misses you.
The gnoll attacks as it pursues you! The gnoll closely misses you.
The gnoll attacks as it pursues you! The gnoll barely misses you.
The gnoll attacks as it pursues you! You block the gnoll's attack.
The gnoll attacks as it pursues you! The gnoll hits you with a +0 flail.
The gnoll attacks as it pursues you! The gnoll hits you but does no damage.
The gnoll attacks as it pursues you! The gnoll hits you with a +0 flail.
You hit the gnoll.
The gnoll is moderately wounded.
The gnoll hits you but does no damage.
You closely miss the gnoll.
The gnoll is moderately wounded.
The gnoll hits you but does no damage. The gnoll hits you with a +0 flail.
You closely miss the gnoll.
The gnoll is moderately wounded.
The gnoll hits you but does no damage. The gnoll hits you with a +0 flail.
The gnoll barely misses you. The gnoll hits you but does no damage.
You hit the gnoll.
The gnoll is severely wounded.
The gnoll hits you but does no damage.
The gnoll hits you from afar with a +0 halberd!
* * * LOW HITPOINT WARNING * * *
You slash the gnoll!
You kill the gnoll!
The gnoll hits you from afar with a +0 halberd!
You die...

...............)....
####....############
#.................
#.....############
#...†.#########
#.#...........#
#.#...........#
#.#...........####
#@#...............
#)#...........####
#g#...........#
#g##..........#
#g##.....⌠.⌠..#
#.##..........#
#.##.....⌠._..####
#.#####...........
#.#######⌠.⌠..####


You could see 2 gnolls and a hobgoblin.

Vanquished Creatures
  4 adders (D:2)
  A gnoll (D:2)
  A dart slug (D:1)
  7 endoplasms
  2 goblins (D:2)
  2 hobgoblins (D:1)
  2 jackals (D:2)
  4 ball pythons
  4 bats
  2 frilled lizards
  3 kobolds (D:1)
  2 rats
34 creatures vanquished.

Notes
Turn   | Place    | Note
-------+----------+-------------------------------------------
     0 | D:1      | Bapho the Demonspawn Gladiator began the quest for the Orb.
     0 | D:1      | Reached XP level 1. HP: 16/16 MP: 1/1
    44 | D:1      | Reached skill level 3 in Axes
   158 | D:1      | Gained mutation: A meltable shield of frost defends you.
                  | (SH +4) [demonic ancestry]
   158 | D:1      | Reached XP level 2. HP: 22/22 MP: 2/2
   912 | D:2      | Gained mutation: You have a pair of small antennae on your
                  | head. [demonic ancestry]
   912 | D:2      | Reached XP level 3. HP: 27/27 MP: 3/3
  1004 | D:2      | Reached skill level 4 in Axes
  1089 | D:2      | Found a faded altar of an unknown god.
  1201 | D:2      | Gained mutation: You are partially covered in rugged brown
                  | scales. (AC +1, +3% HP) [demonic ancestry]
  1201 | D:2      | Reached XP level 4. HP: 27/33 MP: 4/4
  1229 | D:2      | Slain by a gnoll

Illustrated notes

Levels and vault maps discovered:
D:1:      minmay_arrival_three_doors, layout_basic
D:2:      layout_basic, hellmonk_ecumenical_altar_run_dry, grunt_ministairs_11,
          chequers_serial_rivers_micro_d, minmay_misc_feat_iff,
          nicolae_grassy_gnolls

Skill      XL: |  1  2  3 |
---------------+----------+-----
Axes           | 3 4 |  4.5
Fighting       | |  2.0
Throwing       | |  1.7
Dodging        | |  2.6

Action                     |  1- 3 |  4- 6 || total
---------------------------+-------+-------++-------
  Melee: War axe           |    78 |     8 ||    86
  Throw: Stone             |    27 |       ||    27
    Use: Scroll            |     5 |       ||     5
 Armour: Leather armour    |     3 |       ||     3
         Chain mail        |    77 |    19 ||    96
  Dodge: Dodged            |    38 |     4 ||    42
  Block: Other             |    16 |     1 ||    17

Table legend: (Time is in decaauts)
 A = Elapsed time spent in this place.
 B = Non-inter-level travel time spent in this place.
 C = Inter-level travel time spent in this place.
 D = Time resting spent in this place.
 E = Time spent auto-exploring this place.
 F = Levels seen in this place.
 G = Mean time per level.
                   A        B        C        D        E       F      G
               +--------+--------+--------+--------+--------+-----+--------+
         Total |   1254 |   1213 |     41 |      0 |    921 |   2 |  627.0 |
       Dungeon |   1254 |   1213 |     41 |      0 |    921 |   2 |  627.0 |
               +--------+--------+--------+--------+--------+-----+--------+

Top non-repeatable levels by time:
     D:1: 844 daAuts
     D:2: 409 daAuts
